 Dungeon Crawl Stone Soup version 0.28-a0-60-g54b5640690 (webtiles) character file.

Game seed: 16129159138287578169

287 bande the Shield-Bearer (level 6, -4/38 HPs)
             Began as a Gargoyle Fighter on July 30, 2021.
             Slain by an ogre (22 damage)
             ... on level 4 of the Dungeon.
             The game lasted 00:07:00 (3463 turns).

bande the Shield-Bearer (Gargoyle Fighter)          Turns: 3463, Time: 00:07:01

Health: -4/38      AC: 16    Str: 21    XL:     6   Next: 30%
Magic:  6/6        EV:  8    Int:  8    God:
Gold:   109        SH: 10    Dex: 10    Spells: 5/5 levels left

rFire   + . .      SeeInvis .   k - +0 hand axe (holy)
rCold   . . .      Faith    .   c - +1 kite shield
rNeg    + . .      Spirit   .   b - +0 scale mail
rPois   ∞          Reflect  .   i - +0 helmet
rElec   +          Harm     .   e - +1 cloak
rCorr   .          Rampage  .   j - +0 pair of gloves
Will    .....                   (no boots)
Stlth   ..........              (no amulet)
HPRegen 0.12/turn               f - ring of protection from fire
MPRegen 0.10/turn               (no ring)

@: no status effects
A: sickness immunity, AC +4, negative energy resistance 1, electricity
resistance, torment resistance 1, petrification resistance
a: no special abilities


You were on level 4 of the Dungeon.
You visited 1 branch of the dungeon, and saw 4 of its levels.

You collected 109 gold pieces.

Inventory:

Hand Weapons
 a - a +0 war axe
 h - a +0 morningstar
 k - a +0 hand axe of holy wrath (weapon)
Armour
 b - a +0 scale mail (worn)
 c - a +1 kite shield (worn)
 e - a +1 cloak (worn)
 i - a +0 helmet (worn)
 j - a +0 pair of gloves (worn)
Jewellery
 f - a ring of protection from fire (left hand)
Wands
 l - a wand of paralysis (2)
 n - a wand of polymorph (9)
Scrolls
 g - a scroll of teleportation
Potions
 d - a potion of might
 m - a potion of ambrosia
 o - a potion of heal wounds {unknown}


   Skills:
 + Level 4.1 Fighting
 + Level 3.8 Axes
 + Level 4.1 Armour
 + Level 1.0 Dodging
 + Level 4.6 Shields
 * Level 0.4 Evocations


You had 5 spell levels left.
You didn't know any spells.
Your spell library contained the following spells:

 Spells                   Type           Power      Damage    Failure   Level
 Ensorcelled Hibernation  Hex/Ice        0%         N/A       100%        2
 Static Discharge         Conj/Air       0%         N/A       100%        2
 Gell's Gravitas          Tloc           0%         N/A       100%        3
 Lesser Beckoning         Tloc           0%         N/A       100%        3
 Spider Form              Tmut/Pois      0%         N/A       100%        3
 Teleport Other           Tloc           0%         N/A       100%        3
 Tukima's Dance           Hex            0%         N/A       100%        3
 Passage of Golubria      Tloc           N/A        N/A       100%        4
 Lightning Bolt           Conj/Air       0%         1d11      100%        5
 Yara's Violent Unravell  Hex/Tmut       0%         3d3       100%        5
 Shadow Creatures         Summ           N/A        N/A       100%        6
 Maxwell's Capacitive Co  Air            0%         ∞         100%        8


Dungeon Overview and Level Annotations

Branches:
Dungeon (4/15)
 Temple: D:4-7

Altars:

Shops:
D:2 [!


Innate Abilities, Weirdness & Mutations

You are immune to sickness and miasma.
Your stone body is resilient. (AC +4)
You are immune to poison.
You resist negative energy. (rN+)
You are resistant to electric shocks. (rElec)
You are resistant to unholy torment.
You are immune to petrification.


Message History

You kill the hound!
Your Dodging skill increases to level 1!
No target in view!
No target in view!
No target in view!
No target in view!
No target in view!
Found a scythe.
No target in view!
No target in view!
Found a stone staircase leading down.
A hound skeleton comes into view.
An ogre comes into view. It is wielding a +0 giant club.
The ogre shouts!
Found an escape hatch in the ceiling.
The hound skeleton bites you but does no damage.
You hit the hound skeleton.
The hound skeleton convulses.
The hound skeleton is heavily damaged.
You block the hound skeleton's attack. x2
Your scale mail prevents you from hitting the hound skeleton.
The hound skeleton is heavily damaged.
You block the hound skeleton's attack.
A goblin comes into view. It is wielding a +0 dagger.
The goblin shouts!
You hit the hound skeleton.
The hound skeleton convulses.
The hound skeleton is almost destroyed.
You hit the ogre. The hound skeleton closely misses you.
The ogre hits you with a +0 giant club!!
Ouch! That really hurt!
The hound skeleton closely misses you.
You hit the ogre.
The ogre is moderately wounded.
You hit the hound skeleton.
You destroy the hound skeleton!
The ogre closely misses you.
You hit the ogre.
The ogre is heavily wounded.
The ogre hits you with a +0 giant club!!
Ouch! That really hurt!
You die...

............###...### #.
#.........## ##....#####.
##.........# ###....##..
#.........## ##....#..
.........## ##......
.........# #........
........#### #..........
...........###............
.####....@................
##...O................
#.....>..............
#g...................
#........... .......#
............ .....#
......<......
..............


You could see an ogre and a goblin.

Vanquished Creatures
  A scorpion (D:3)
  A hound (D:4)
  An iguana (D:3)
  A hound skeleton (D:4)
  Robin (D:3)
  4 adders
  A white imp (D:3)
  2 worms (D:2)
  A dart slug (D:1)
  5 orcs (D:3)
  3 ball pythons
  4 endoplasms
  3 giant cockroaches
  14 goblins
  7 hobgoblins
  12 jackals
  7 kobolds
  2 quokkas (D:3)
  13 bats
  3 frilled lizards
  7 rats
93 creatures vanquished.

Notes
Turn   | Place    | Note
-------+----------+-------------------------------------------
     0 | D:1      | bande the Gargoyle Fighter began the quest for the Orb.
     0 | D:1      | Reached XP level 1. HP: 14/14 MP: 1/1
    87 | D:1      | Reached XP level 2. HP: 18/19 MP: 2/2
   657 | D:2      | Reached XP level 3. HP: 17/24 MP: 3/3
  1037 | D:2      | Found Hukap's Antique Armour Shop.
  1148 | D:2      | Found Mouv's Distillery.
  1181 | D:2      | Reached XP level 4. HP: 25/29 MP: 4/4
  2165 | D:3      | Noticed a scorpion
  2175 | D:3      | Killed a scorpion
  2176 | D:3      | Reached XP level 5. HP: 23/33 MP: 5/5
  2739 | D:3      | Noticed Robin
  2802 | D:3      | Killed Robin
  3087 | D:3      | Reached XP level 6. HP: 38/38 MP: 6/6
  3428 | D:4      | Reached skill level 1 in Dodging
  3463 | D:4      | Slain by an ogre

Illustrated notes

Levels and vault maps discovered:
D:1:      lightli_arrival_noodles, layout_rooms
D:2:      minmay_chambers_of_ones, layout_rooms, serial_shops, shop,
          nicolae_shop_statue_plus, minmay_misc_feat_hallway
D:3:      minmay_bubble_buster, layout_basic, uniq_robin
D:4:      layout_layer_cave, uniq_natasha

Skill      XL: |  1  2  3  4  5  6 |
---------------+-------------------+-----
Axes           | 2 3 |  3.8
Fighting       | 4 |  4.1
Shields        | 4 |  4.6
Armour         | 4 |  4.1
Dodging        | 1 |  1.0
Evocations     | |  0.4

Action                   |  1- 3 |  4- 6 || total
-------------------------+-------+-------++-------
Melee: War axe           |   113 |   158 ||   271
       Hand axe          |       |    27 ||    27
  Use: Scroll            |       |     6 ||     6
Armor: Scale mail        |   112 |   108 ||   220
Dodge: Dodged            |    52 |    69 ||   121
Block: Kite shield       |    83 |   118 ||   201

Table legend: (Time is in decaauts)
 A = Elapsed time spent in this place.
 B = Non-inter-level travel time spent in this place.
 C = Inter-level travel time spent in this place.
 D = Time resting spent in this place.
 E = Time spent auto-exploring this place.
 F = Levels seen in this place.
 G = Mean time per level.
                   A        B        C        D        E       F      G
               +--------+--------+--------+--------+--------+-----+--------+
         Total |   3634 |   3634 |      0 |    767 |   2039 |   4 |  908.5 |
       Dungeon |   3634 |   3634 |      0 |    767 |   2039 |   4 |  908.5 |
               +--------+--------+--------+--------+--------+-----+--------+

Top non-repeatable levels by time:
     D:3: 1740 daAuts
     D:2: 1073 daAuts
     D:1: 760 daAuts
     D:4: 59 daAuts
